Map: Ever Dream LE

Players

WildCard

  • Race: Zerg Zerg
  • League: Master
  • Spawn Location: 1:00

A.I. 1 (Very Easy)

  • Race: Zerg Zerg
  • Spawn Location: 7:00

VOD

Have the link to the VOD?

Description

Time

  • Played on: May 2, 2020, 11:51 p.m.
  • Length: 15:08
Show
View Real Time Build Order
Export as new Build Order

WildCard Zerg 

Build Orders: Hatch First, Lurkers 

Get SALT Encoding   

  12  0:00  Hive, Drone x12, Overlord  
  13  0:07  Drone  
  13  0:17  Overlord  
  13  0:21  Drone  
  14  0:35  Drone x2  
  16  0:39  Drone  
  17  0:55  Hatchery  
  16  0:58  Drone  
  16  1:01  Extractor  
  16  1:03  Drone  
  17  1:18  Spawning Pool  
  16  1:20  Drone  
  16  1:24  Drone  
  19  1:32  Drone  
  19  1:44  Drone  
  20  1:54  Drone  
  21  2:05  Queen, Roach Warren  
  21  2:07  Drone  
  21  2:08  Zergling x2, Burrow  
  24  2:17  Drone  
  24  2:18  Overlord  
  25  2:41  Queen  
  27  2:46  Roach x4  
  27  2:50  Extractor  
  27  2:51  Roach  
  36  2:54  Overlord  
  36  2:58  Overlord  
  37  3:12  Drone x2  
  39  3:13  Drone x4  
  43  3:23  Drone x2  
  43  3:26  Metabolic Boost  
  45  3:32  Drone  
  46  3:37  Drone  
  47  3:41  Extractor  
  47  3:46  Drone x5  
  51  3:50  Drone  
  51  3:51  Overlord  
  51  3:55  Evolution Chamber  
  51  3:57  Drone  
  51  4:02  Extractor  
  51  4:03  Extractor, Drone x2  
  51  4:04  Lair  
  51  4:08  Overlord  
  52  4:10  Drone  
  53  4:20  Drone x4  
  53  4:21  Drone x2  
  59  4:24  Drone  
  59  4:28  Drone  
  61  4:36  Hatchery  
  60  4:41  Overlord  
  60  4:43  Zergling x2  
  60  4:44  Drone  
  62  4:54  Overlord  
  62  4:56  Zergling x6  
  62  4:57  Zergling x2  
  66  5:05  Spire  
  66  5:07  Drone  
  66  5:11  Zerg Missile Weapons Level 1  
  66  5:12  Drone x4  
  70  5:24  Extractor  
  70  5:26  Drone x8  
  70  5:27  Extractor  
  76  5:33  Overlord  
  76  5:34  Glial Reconstitution  
  76  5:50  Overlord  
  76  5:55  Queen x2  
  76  5:56  Queen  
  82  5:58  Drone x2  
  84  6:16  Mutalisk  
  84  6:17  Mutalisk x8  
  102  6:22  Zerg Flyer Armor Level 1  
  102  6:27  Roach x2  
  102  6:31  Overlord  
  106  6:37  Overlord  
  106  6:42  Overlord  
  106  6:43  Overlord  
  106  6:51  Drone  
  106  6:52  Drone x7  
  114  6:56  Hydralisk Den, Infestation Pit  
  114  6:59  Drone x3  
  115  7:05  Zerg Missile Weapons Level 2  
  115  7:07  Drone  
  115  7:08  Drone x5  
  121  7:19  Drone x5  
  126  7:31  Lurker Den, Hatchery  
  126  7:32  Hive  
  123  7:48  Hydralisk x4  
  123  7:49  Hydralisk x2  
  123  7:50  Zergling x2  
  123  7:51  Zergling x4  
  138  7:54  Muscular Augments  
  138  8:10  Overlord x3  
  138  8:11  Overlord x2  
  138  8:16  Extractor  
  138  8:18  Extractor  
  135  8:31  Zergling x4  
  135  8:32  Zergling x20  
  147  8:35  Overseer  
  147  8:36  Overseer x4  
  147  8:43  Queen  
  147  8:47  Zerg Flyer Armor Level 2  
  149  8:54  Seismic Spines  
  149  8:57  Lurker x6  
  155  9:05  Zergling x8  
  155  9:06  Zergling x22  
  170  9:15  Ultralisk Cavern, Drone  
  170  9:16  Drone x3  
  173  9:25  Drone  
  173  9:26  Drone x9  
  173  9:27  Hatchery  
  182  9:37  Grooved Spines  
  182  9:38  Pneumatized Carapace  
  182  9:39  Zerg Missile Weapons Level 3  
  182  9:41  Extractor  
  182  9:45  Extractor  
  180  9:49  Spore Crawler x2  
  180  9:51  Adaptive Talons  
  180  9:52  Spine Crawler x2  
  176  9:53  Spine Crawler x2  
  176  9:54  Spine Crawler  
  176  9:55  Spine Crawler, Drone  
  176  9:56  Drone x3  
  176  9:57  Drone x3  
  176  9:58  Drone  
  180  10:01  Chitinous Plating  
  180  10:11  Overlord  
  180  10:12  Overlord  
  180  10:35  Ultralisk x3, Spore Crawler  
  197  10:42  Hatchery  
  198  10:44  Infestor  
  198  11:14  Spore Crawler x4  
  198  11:15  Spore Crawler  
  198  11:16  Spore Crawler x2  
  198  11:17  Spore Crawler x3  
  188  11:19  Spore Crawler  
  188  11:22  Spore Crawler x2  
  188  11:23  Spore Crawler  
  188  11:24  Spore Crawler x3  
  188  11:25  Spore Crawler x2  
  179  11:26  Ultralisk x3  
  179  11:31  Spore Crawler  
  179  11:32  Zergling x4  
  198  11:33  Zergling x2  
Show
View Real Time Build Order
Export as new Build Order

A.I. 1 (Very Easy) Zerg 

Build Orders: Hatch First 

Get SALT Encoding   

  12  0:00  Lair, Drone x12, Overlord  
  12  0:05  Drone  
  13  0:12  Drone  
  14  0:20  Overlord  
  14  0:51  Hatchery, Drone  
  14  1:06  Spawning Pool  
  14  1:07  Drone  
  14  1:12  Extractor  
  14  1:15  Drone  
  14  1:23  Overlord  
  14  1:53  Queen  
  14  1:54  Zergling x2  
  17  1:56  Zergling x2  
  17  2:01  Roach Warren  
  17  2:03  Drone  
  18  2:08  Extractor  
  18  2:12  Drone  
  18  2:18  Zergling x2  
  19  2:23  Drone  
  20  2:30  Drone  
  21  2:37  Drone  
  22  2:44  Drone  
  23  2:51  Drone  
  24  2:59  Drone  
  24  3:05  Lair  
  25  3:33  Drone  
  26  3:40  Drone  
  27  3:47  Drone, Overlord  
  28  3:55  Drone  
  29  4:02  Drone  
  30  4:05  Spire  
  30  4:08  Overseer  
  30  4:09  Drone  
  30  4:14  Overseer  
  30  4:16  Drone  
  31  4:23  Drone  
  32  5:18  Mutalisk  
  34  5:56  Mutalisk  
  36  6:56  Overseer, Overlord  
  36  7:22  Overlord  
  36  7:23  Overseer  
  35  7:38  Zergling x2  
  35  7:41  Overlord  
  30  7:45  Queen  
  30  7:49  Overseer  
  25  7:52  Drone  
  16  8:00  Drone, Overlord  
  4  8:06  Zergling x2, Overseer  
  4  8:07  Drone  
  5  8:14  Drone  
  5  8:21  Drone  
  2  8:29  Drone  
  2  8:36  Drone  
Tags
 
Composition
Lurkers
League
Master
Matchup
ZvZ
Race
Zerg
Spawn Locations
Cross Positions
Add a new tag
Caveats
  • Supply blocks, unpowered buildings, or Contaminate may cause inaccurate times.
  • Supply counts are checked every 10 seconds.